Map: Prion Terraces

Players

Ascarecrow - Winner!

  • Race: Zerg Zerg
  • League: Master

GnuGnu

  • Race: Protoss Protoss
  • League: Grandmaster

VOD

Have the link to the VOD?

Description

Time

  • Played on: Dec. 7, 2015, 4:15 a.m.
  • Length: 10:08
Show
View Real Time Build Order
Export as new Build Order

Ascarecrow Zerg - Winner!

Build Orders: Pool First 

Get SALT Encoding   

  12  0:01  Drone  
  13  0:08  Drone  
  14  0:27  Spawning Pool  
  14  0:28  Drone  
  14  0:36  Overlord  
  14  0:43  Drone, Extractor  
  15  0:56  Drone x2  
  17  1:15  Hatchery, Zergling x2  
  17  1:18  Zergling x2  
  18  1:28  Queen  
  18  1:31  Zergling x2  
  21  1:35  Drone  
  22  1:49  Overlord  
  22  2:13  Drone x2  
  24  2:23  Drone  
  24  2:27  Queen  
  27  2:41  Hatchery  
  27  2:44  Drone x7  
  33  2:55  Overlord  
  33  2:58  Drone  
  34  3:00  Drone  
  34  3:04  Extractor  
  34  3:05  Extractor  
  33  3:11  Drone  
  33  3:12  Drone  
  35  3:17  Drone x4  
  39  3:29  Drone x2  
  40  3:41  Overlord  
  40  3:42  Overlord  
  40  3:44  Spore Crawler  
  40  3:48  Spore Crawler  
  38  3:52  Lair  
  38  3:53  Roach Warren  
  38  3:55  Drone x2  
  39  3:57  Drone  
  39  3:58  Drone x5  
  45  4:06  Extractor  
  45  4:07  Extractor  
  45  4:08  Metabolic Boost, Overlord  
  43  4:23  Drone x3  
  47  4:24  Drone x3  
  47  4:29  Spore Crawler  
  48  4:33  Queen  
  48  4:34  Queen  
  48  4:36  Overlord x2  
  48  4:38  Drone x2  
  54  4:45  Roach x4  
  59  5:00  Drone x8  
  59  5:04  Glial Reconstitution  
  67  5:10  Drone x4  
  71  5:15  Evolution Chamber  
  71  5:17  Drone x3  
  73  5:25  Overlord  
  72  5:37  Spore Crawler  
  72  5:42  Zerg Missile Weapons Level 1  
  70  5:48  Roach x9  
  70  5:49  Overlord  
  89  5:50  Overlord x4  
  89  5:53  Ravager  
  90  5:59  Extractor  
  90  6:00  Extractor  
  90  6:03  Roach  
  90  6:05  Overlord  
  90  6:11  Roach x6  
  102  6:21  Spire  
  102  6:24  Drone x2  
  102  6:25  Drone  
  103  6:29  Drone x3  
  103  6:32  Ravager x4  
  110  6:33  Ravager  
  110  6:38  Zergling x14  
  116  6:50  Roach x3  
  116  6:51  Roach x2  
  115  7:04  Roach x5  
  115  7:05  Roach  
  122  7:15  Roach  
  122  7:16  Roach x4  
  122  7:20  Queen  
  118  7:25  Roach x3  
  111  7:43  Zergling x2  
  111  7:44  Zergling x14  
  119  7:46  Zerg Melee Weapons Level 1  
  119  7:47  Zerg Flyer Weapons Level 1  
  119  7:49  Hatchery  
  119  7:50  Overlord  
  119  7:51  Overlord  
  118  7:52  Mutalisk x5  
  128  8:02  Mutalisk  
  128  8:03  Mutalisk  
  132  8:06  Overlord  
  132  8:16  Roach x6  
  144  8:23  Overlord x2  
  137  8:38  Roach x6  
  130  9:01  Zergling x18  
  130  9:02  Zergling x2  
  140  9:07  Queen  
  142  9:22  Roach x6  
  154  9:40  Mutalisk x7  
  168  9:48  Overlord x3  
Show
View Real Time Build Order
Export as new Build Order

GnuGnu Protoss 

Build Orders: Nexus First 

Get SALT Encoding   

  12  0:01  Probe (Chrono Boost)  
  13  0:12  Probe (Chrono Boost)  
  14  0:19  Pylon  
  14  0:22  Probe (Chrono Boost)  
  15  0:38  Probe (Chrono Boost)  
  16  0:48  Probe (Chrono Boost)  
  17  1:00  Nexus  
  17  1:11  Forge  
  17  1:13  Probe (Chrono Boost)  
  18  1:24  Gateway  
  18  1:29  Probe (Chrono Boost)  
  19  1:36  Assimilator  
  19  1:39  Assimilator  
  19  1:47  Photon Cannon  
  19  1:51  Probe (Chrono Boost)  
  21  2:01  Probe (Chrono Boost)  
  21  2:11  Pylon  
  21  2:12  Probe (Chrono Boost)  
  21  2:13  Probe (Chrono Boost)  
  23  2:32  Photon Cannon  
  23  2:36  Pylon  
  23  2:39  Probe x2 (Chrono Boost)  
  23  2:41  Zealot  
  23  2:43  Cybernetics Core  
  27  2:47  Protoss Ground Weapons Level 1 (Chrono Boost)  
  27  2:50  Probe  
  28  2:51  Probe  
  29  3:04  Probe  
  29  3:06  Probe  
  31  3:13  Pylon  
  31  3:15  Probe  
  32  3:22  Robotics Facility  
  32  3:26  Warp Gate  
  32  3:27  Adept  
  32  3:31  Probe  
  32  3:32  Probe  
  36  3:44  Twilight Council  
  36  3:45  Mothership Core (Chrono Boost)  
  36  3:46  Probe  
  39  3:57  Probe (Chrono Boost)  
  40  4:09  Probe (Chrono Boost)  
  41  4:13  Immortal  
  41  4:16  Pylon  
  45  4:19  Probe (Chrono Boost)  
  46  4:27  Resonating Glaives (Chrono Boost)  
  46  4:44  Gateway  
  46  4:46  Gateway  
  46  4:48  Gateway  
  46  4:50  Gateway  
  46  4:51  Gateway  
  46  4:58  Warp Prism  
  48  5:04  Gateway  
  48  5:11  Gateway  
  48  5:18  Gateway  
  48  5:20  Pylon  
  48  5:26  Pylon  
  48  5:53  Adept  
  48  5:54  Adept x3  
  48  5:55  Adept  
  58  5:58  Pylon  
  58  6:11  Adept  
  58  6:12  Adept x2  
  58  6:14  Adept x2  
  58  6:15  Adept  
  58  6:17  Adept x2  
  74  6:25  Pylon  
  72  6:29  Pylon  
  72  6:38  Adept  
  72  6:39  Adept x3  
  76  6:51  Adept x3  
  76  6:52  Adept x2  
  70  7:10  Adept x4  
  70  7:13  Warp Prism  
  50  7:33  Adept x2  
  50  7:34  Adept x5  
  50  7:35  Adept  
  56  8:01  Adept x3  
  56  8:02  Adept x4  
  56  8:04  Adept  
  72  8:07  Adept  
Tags
 
Add a new tag
Caveats
  • Supply blocks, unpowered buildings, or Contaminate may cause inaccurate times.
  • Supply counts are checked every 10 seconds.